 Dungeon Crawl Stone Soup version 0.26.1-2-gb8aa6d0cf2 (webtiles) character file.

Game seed: 15545990103127070400

1138 CrazyMind the Sneak (level 8, -4/37 HPs)
             Began as a Spriggan Earth Elementalist on Mar 28, 2021.
             Was an Initiate of Gozag.
             Killed from afar by an orc wizard (7 damage)
             ... with a magic dart
             ... on level 7 of the Dungeon on Mar 30, 2021.
             The game lasted 00:38:32 (7425 turns).

CrazyMind the Sneak (Spriggan Earth Elementalist)   Turns: 7425, Time: 00:38:33

Health: -4/37      AC:  5    Str:  5    XL:     8   Next: 14%
Magic:  18/18      EV: 20    Int: 22    God:    Gozag
Gold:   783        SH:  0    Dex: 18    Spells: 8/19 levels left

rFire    + . .     SeeInvis +   j - +2 dagger (elec)
rCold    . . .     Faith    .   (shield restricted)
rNeg     . . .     Spirit   .   N - +2 robe {rF+}
rPois    +         Reflect  .   (helmet restricted)
rElec    .         Harm     .   n - +0 cloak
rCorr    .         Rampage  .   (gloves unavailable)
Will     +....                  (boots unavailable)
Stlth    ++++......             (no amulet)
HPRegen  0.12/turn              r - +6 ring of intelligence
MPRegen  0.16/turn              F - ring of poison resistance

@: gold aura, very quick
A: very small, unfitting armour, see invisible, speed 3
a: Renounce Religion, Potion Petition, Call Merchant, Bribe Branch


You were on level 7 of the Dungeon.
You worshipped Gozag.
Gozag was pleased with you.
You visited 2 branches of the dungeon, and saw 8 of its levels.

You collected 886 gold pieces.
You spent 77 gold pieces at shops.
You paid 26 gold pieces to Gozag.

Inventory:

Hand Weapons
 h - a +0 dagger
 j - a +2 dagger of electrocution (weapon)
 m - a +0 short sword
 q - a +0 hunting sling
 A - a +0 falchion
 B - a +0 hand crossbow
 J - a +0 rapier
 K - a +0 long sword
Missiles
 b - 83 stones
 d - 71 sling bullets
 f - 72 arrows
 w - 20 poisoned darts
 M - 2 boomerangs
Armour
 n - a +0 cloak (worn)
 N - a +2 robe of fire resistance (worn)
Jewellery
 r - a +6 ring of intelligence (left hand)
 t - an uncursed ring of ice
 D - a +4 ring of slaying
 F - a ring of poison resistance (right hand)
 L - an uncursed ring of see invisible
Wands
 c - a wand of paralysis (6)
 s - a wand of polymorph (6)
 G - a wand of random effects (21)
 I - a wand of flame (23)
 Q - a wand of iceblast (9)
Scrolls
 a - 3 scrolls of enchant weapon {unknown}
 g - 2 scrolls of remove curse
 i - 2 scrolls of fog {unknown}
 k - a scroll of random uselessness {unknown}
 o - 5 scrolls of identify
 u - a scroll of blinking {unknown}
 v - 3 scrolls of fear {unknown}
 y - 2 scrolls of noise {unknown}
 C - 4 scrolls of magic mapping
 E - a scroll of teleportation {unknown}
 P - a scroll of immolation {unknown}
Potions
 e - 6 potions of curing
 l - 2 potions of heal wounds {unknown}
 p - a potion of attraction {unknown}
 x - 3 potions of flight {unknown}
 z - 2 potions of brilliance {unknown}
 H - 2 potions of might
 O - a potion of haste {unknown}
 R - 2 potions of invisibility {unknown}


   Skills:
 + Level 0.8 Fighting
 + Level 3.5 Short Blades
 + Level 4.2 Dodging
 + Level 6.8 Stealth
 + Level 6.1 Spellcasting
 * Level 4.6 Hexes
 + Level 1.4 Transmutations
 * Level 4.8 Earth Magic


You had 8 spell levels left.
You knew the following spells:

 Your Spells              Type           Power        Failure   Level
a - Sandblast             Erth           54%          1%          1
b - Passwall              Tmut/Erth      16%          3%          2
c - Stone Arrow           Conj/Erth      34%          10%         3
d - Confusing Touch       Hex            27%          4%          3
e - Blink                 Tloc           N/A          14%         2

Your spell library contained the following spells:

 Spells                   Type           Power        Failure   Level
 Slow                     Hex            27%          1%          2
 Magic Dart               Conj           24%          9%          1
 Call Imp                 Summ           6%           14%         2
 Petrify                  Tmut/Erth      20%          24%         4
 Conjure Flame            Conj/Fire      6%           26%         3
 Gell's Gravitas          Tloc           3%           26%         3
 Mephitic Cloud           Conj/Pois/Air  6%           26%         3
 Lee's Rapid Deconstruct  Erth           13%          34%         5
 Yara's Violent Unravell  Hex/Tmut       10%          56%         5
 Metabolic Englaciation   Hex/Ice        8%           67%         5


Dungeon Overview and Level Annotations

Branches:
Dungeon (7/15)             Temple (1/1) D:4

Altars:
Ashenzari
Cheibriados
Dithmenos
Elyvilon
Fedhas
Gozag
Hepliaklqana
Kikubaaqudgha
Makhleb
Nemelex Xobeh
Okawaru
Qazlal
Ru
Sif Muna
Trog
Uskayaw
Vehumet
Wu Jian
Xom
Yredelemnul
Zin
The Shining One

Shops:
D:4 ?

Annotations:
D:6 2 transporters, Cykl0x's ghost, novice MiFi; Grinder; Menkaure


Innate Abilities, Weirdness & Mutations

You are very small and have problems with some larger weapons.
You are too small for most types of armour.
You have supernaturally acute eyesight. (SInv)
You cover ground extremely quickly.


Message History

The orc priest shouts!
The ufetubus completely misses you. x2
The orc wizard hits you with a +0 dagger.
The orc wizard closely misses you. The ufetubus misses you.
The ufetubus closely misses you.
The orc wizard hits you with a +0 dagger.
The ufetubus barely misses you. The ufetubus misses you.
The orc wizard hits you with a +0 dagger.
* * * LOW HITPOINT WARNING * * *
The orc wizard completely misses you. The ufetubus hits you.
* * * LOW HITPOINT WARNING * * *
The ufetubus misses you.
The orc wizard hits you but does no damage.
The orc wizard misses you. The ufetubus barely misses you.
The ufetubus closely misses you. The orc wizard casts a spell at you.
The magic dart hits you!
You die...
Your body crumbles into a pile of gold.

##### #... $
###.###########
#.......#.....#
#.#.#.#...oo5.#
#.#.#.#.#oo@$.#$
#.#.#.#.#####.#.#
#.#.#.#..o......#
#.#.#.#######.###
#.#.#.# #.#
#.#.#.# #.# #.#.#
..#
#.#.###########
#.#...........#


You could see an orc priest, 2 orc wizards, an orc and an ufetubus.

Vanquished Creatures
  A water moccasin (D:5)
  A sky beast (D:6)
  An ice beast (D:5)
  A phantom (D:5)
  A big kobold (D:6)
  A bullfrog (D:6)
  A scorpion (D:6)
  A hound (D:5)
  2 iguanas
  4 orc wizards
  2 bullfrog skeletons (D:4)
  2 worker ants
  11 adders
  7 gnolls
  An ufetubus (D:5)
  An ooze (D:5)
  An adder skeleton (D:6)
  6 worms
  A dart slug (D:1)
  A leopard gecko (D:1)
  7 orcs
  A ball python (D:2)
  7 giant cockroaches
  4 goblins
  2 hobgoblins (D:3)
  4 jackals
  A quokka (D:2)
  5 bats
  4 frilled lizards
  A giant cockroach zombie (D:4)
  12 kobolds
  2 leopard gecko skeletons (D:4)
  15 rats
112 creatures vanquished.

Vanquished Creatures (others)
  An orc (D:7)
1 creature vanquished.

Grand Total: 113 creatures vanquished

Notes
Turn   | Place    | Note
-------+----------+-------------------------------------------
     0 | D:1      | CrazyMind the Spriggan Earth Elementalist began the quest
                  | for the Orb.
     0 | D:1      | Reached XP level 1. HP: 9/9 MP: 5/5
   327 | D:1      | Reached XP level 2. HP: 13/13 MP: 4/7
   335 | D:1      | Learned a level 2 spell: Passwall
  1192 | D:2      | Reached XP level 3. HP: 16/16 MP: 5/9
  1196 | D:2      | Learned a level 3 spell: Stone Arrow
  1294 | D:2      | Found an opulent altar of Gozag.
  1309 | D:2      | Became a worshipper of Gozag Ym Sagoz the Greedy
  1359 | D:2      | Reached skill level 1 in Short Blades
  1515 | D:2      | Learned a level 3 spell: Confusing Touch
  1550 | D:2      | Reached XP level 4. HP: 21/21 MP: 7/10
  2508 | D:3      | Reached skill level 1 in Hexes
  2514 | D:3      | Reached XP level 5. HP: 24/24 MP: 11/11
  2827 | D:3      | Found a shimmering altar of Xom.
  3270 | D:4      | Reached skill level 5 in Stealth
  3444 | D:4      | Found Nuqaegg's Magic Scroll Boutique.
  3452 | D:4      | Bought a scroll of identify for 28 gold pieces
  3452 | D:4      | Bought a scroll of magic mapping for 49 gold pieces
  3678 | D:4      | Reached XP level 6. HP: 29/29 MP: 11/13
  3946 | D:4      | Found a staircase to the Ecumenical Temple.
  3952 | Temple   | Entered the Ecumenical Temple
  4479 | D:5      | Entered Level 5 of the Dungeon
  4932 | D:5      | Reached XP level 7. HP: 11/32 MP: 7/15
  4981 | D:4      | Learned a level 2 spell: Blink
  5346 | D:5      | Reached skill level 5 in Spellcasting
  6138 | D:6      | Found a transporter.
  6138 | D:6      | Noticed Menkaure
  6611 | D:6      | Reached XP level 8. HP: 37/37 MP: 9/17
  6785 | D:6      | Found a transporter.
  6786 | D:6      | Noticed Cykl0x's ghost (novice MiFi)
  7131 | D:6      | Noticed Grinder
  7425 | D:7      | Killed from afar by an orc wizard

Illustrated notes

Levels and vault maps discovered:
D:1:      dpeg_arrival_long_road, layout_loops_cross
D:2:      layout_loops_ring, minmay_misc_feat_secret_circle,
          grunt_gozag_breadcrumbs
D:3:      layout_loops_cross, lemuel_round_altar
D:4:      minmay_thinvault, layout_loops_ring,
          minmay_temple_entry_enclosed_plants, serial_shops, shop
D:5:      layout_loops_corners
D:6:      layout_basic, gammafunk_ghost_stat_death, uniq_grinder, uniq_menkaure
D:7:      layout_basic, kennysheep_generic_room_13
Temple:   roderic_octagonal_lattice_temple

Skill      XL: |  1  2  3  4  5  6  7  8 |
---------------+-------------------------+-----
Spellcasting   | 3 4 5 6 |  6.1
Earth Magic    | 3 4 |  4.8
Stealth        | 4 5 6 |  6.8
Short Blades   | 1 2 3 |  3.5
Hexes          | 1 2 3 4 |  4.6
Dodging        | 4 |  4.2
Fighting       | |  0.8
Transmutations | |  1.4

Action                   |  1- 3 |  4- 6 |  7- 9 || total
-------------------------+-------+-------+-------++-------
Melee: Unarmed           |     3 |       |       ||     3
       Dagger            |    42 |   125 |    71 ||   238
       Mace              |     1 |       |       ||     1
 Cast: Sandblast         |    34 |    39 |    15 ||    88
       Confusing Touch   |       |       |     9 ||     9
  Use: Scroll            |       |     1 |     1 ||     2
       Potion            |       |       |     1 ||     1
 Stab: Sleeping          |    11 |    13 |     3 ||    27
       Distracted        |       |     2 |     1 ||     3
       Confused          |       |       |     6 ||     6
Armor: Robe              |     7 |     3 |    15 ||    25
Dodge: Dodged            |    32 |    86 |   121 ||   239
